AoeStats
← ForeverNoob

Arabia

510648628Analyzed
1v1 RM · 14h ago on Oct 2, 2026· 53m 31s· 2 players
Game mode
Random Map
Map size
Tiny (2 player)
Population
200
Speed
Normal
Resources
Standard
Victory
Conquest
Starting age
Dark Age
Ending age
Imperial Age
RankedLock teamsTeams togetherTeam positionsShared explorationLock speedFull tech treeHidden civsTurbo modeCheats
Victory
Defeat
🇺🇸 Mongols · United States
1723
+14
🇨🇴 Burgundians · Colombia
1686
-14
troll_oscuro
5:09 Double-Bit Axe
6:14 Loom
8:34 Feudal Age
9:28 Bow Saw
10:11 Horse Collar
17:25 Wheelbarrow
17:14 Fletching
21:56 Castle Age
20:34 Padded Archer Armor
20:52 Gold Mining
21:17 Town Watch
22:45 Bodkin Arrow
22:16 Elite Skirmisher
23:50 Leather Archer Armor
27:00 Sanctity
27:58 Elite Skirmisher
28:24 Pikeman
30:02 Scale Mail Armor
34:55 Redemption
37:24 Imperial Age
38:42 Ballistics
39:22 Chemistry
38:53 Masonry
40:28 Squires
41:26 Chain Mail Armor
43:17 Bracer
43:59 Architecture
46:33 Stone Mining
47:17 Plate Mail Armor
48:30 Forging
52:07 Scale Barding Armor
52:50 Burgundian Vineyards
52:41 Halberdier
53:49 Conscription
54:16 Chain Barding Armor
ForeverNoob
8:03 Feudal Age
13:35 Double-Bit Axe
14:27 Fletching
15:55 Padded Archer Armor
20:25 Castle Age
19:24 Gold Mining
19:50 Horse Collar
20:44 Bloodlines
20:29 Crossbowman
21:08 Bodkin Arrow
21:28 Loom
23:26 Bow Saw
24:10 Husbandry
26:23 Light Cavalry
29:05 Scale Barding Armor
31:57 Wheelbarrow
35:54 Imperial Age
36:33 Ballistics
36:55 Leather Archer Armor
36:43 Bracer
38:39 Heavy Plow
39:30 Masonry
40:15 Siege Engineers
39:56 Hussar
41:35 Conscription
43:13 Chain Barding Armor
44:49 Parthian Tactics
45:07 Hand Cart
44:37 Town Watch
46:08 Stone Mining
50:46 Thumb Ring
50:59 Leather Archer Armor
52:13 Chemistry
51:58 Conscription
52:37 Forging
52:10 Heavy Cavalry Archer
Connection lost

Rejoining the realm…

Still unreachable

The connection could not be restored.

Session expired

The server has moved on; the page needs a fresh start.